 Dungeon Crawl Stone Soup version 0.31.0-11-ge490571c62 (webtiles) character file.

Game seed: 1309197108865763108

11321 Arctor the Protected (level 11, -5/95 HPs)
             Began as an Armataur Fighter on Feb 3, 2024.
             Was a High Priest of Okawaru.
             Slain by a death yak (17 damage)
             ... on level 9 of the Dungeon.
             The game lasted 00:12:10 (9139 turns).

Arctor the Protected (Armataur Fighter)             Turns: 9139, Time: 00:12:11

Health: -5/95      AC: 28    Str: 29    XL:     11   Next: 47%
Magic:  8/11       EV:  4    Int:  6    God:    Okawaru [*****.]
Gold:   664        SH:  7    Dex: 15    Spells: 10/10 levels left

rFire   . . .        X - +10 spear "Bogyll" {venom, rC+ rN+ SInv}
rCold   + . .        c - +0 buckler
rNeg    + . .        p - +0 plate armour
rPois   .            n - +0 helmet
rElec   .            N - +2 cloak
rCorr   .            m - +1 pair of gloves
SInv    +            O - +2 barding
Will    +....        G - amulet of faith Stlth
                     i - +6 ring of dexterity
HPRegen 0.35/turn    v - ring of willpower
MPRegen 0.12/turn

%: roll, faith
@: no status effects
A: large, deformed body, tough skin 3, armoured tail, roll 2, dopey 1, strong 1
a: Renounce Religion, Heroism, Finesse, Duel


You were on level 9 of the Dungeon.
You worshipped Okawaru.
Okawaru was extremely pleased with you.
You visited 1 branch of the dungeon, and saw 9 of its levels.
You also visited: Ossuary and Bailey.

You collected 664 gold pieces.

Inventory:

Hand Weapons
 Q - the +6 whip of the Desolation of Salt {freeze, Will+ Int+3}
   (You found it on level 7 of the Dungeon)

   Int+3:     It affects your intelligence (+3).
   Will+:     It increases your willpower.
 S - a +0 broad axe
 X - the +10 spear "Bogyll" (weapon) {venom, rC+ rN+ SInv}
   (You found it on level 8 of the Dungeon)

   rC+:       It protects you from cold.
   rN+:       It protects you from negative energy.
   SInv:      It lets you see invisible.
Missiles
 f - 2 throwing nets
 o - 32 poisoned darts (quivered)
 z - 21 boomerangs
 V - 4 datura-tipped darts
Armour
 b - a +0 scale mail
 c - a +0 buckler (worn)
 m - a +1 pair of gloves (worn)
 n - a +0 helmet (worn)
 p - a +0 plate armour (worn)
 N - a +2 cloak (worn)
 O - a +2 barding (worn)
 P - a +0 leather armour
 R - a +0 plate armour
Jewellery
 i - a +6 ring of dexterity (left hand)
 t - a ring of ice
 u - an amulet of the acrobat
 v - a ring of willpower (right hand)
 y - a ring of fire
 B - a ring of wizardry
 G - an amulet of faith (around neck)
Wands
 a - a wand of quicksilver (15)
 W - a wand of roots (9)
Scrolls
 h - 3 scrolls of poison
 j - 2 scrolls of fog
 k - 4 scrolls of noise
 r - 2 scrolls of teleportation
 s - 2 scrolls of vulnerability
 x - 4 scrolls of amnesia
 C - a scroll of torment
 I - a scroll of butterflies
 L - a scroll of enchant armour
 Y - 2 scrolls of immolation
Potions
 d - 5 potions of might
 e - a potion of haste
 g - 2 potions of lignification
 l - 2 potions of brilliance
 q - a potion of mutation
 w - 3 potions of resistance {unknown}
 D - a potion of degeneration {unknown}
 F - 3 potions of curing {unknown}
 H - a potion of invisibility {unknown}
 J - 2 potions of enlightenment {unknown}
 M - 2 potions of cancellation {unknown}
 T - a potion of heal wounds
 Z - a potion of ambrosia {unknown}


   Skills:
 + Level 8.7 Fighting
 + Level 7.6(8.1) Axes
 - Level 0.2(5.1) Maces & Flails
 + Level 3.8(6.2) Polearms
 + Level 11.2 Armour
 + Level 10.3 Shields


You had 10 spell levels left.
You didn't know any spells.
Your spell library contained the following spells:

 Spells                   Type           Power      Damage    Failure   Level
 Freeze                   Ice            0%         1d3       99%         1
 Frozen Ramparts          Ice            0%         1d1       100%        3
 Hailstorm                Conj/Ice       0%         3d5       100%        3


Dungeon Overview and Level Annotations

Branches:
Dungeon (9/15)             Temple (0/1) D:6             Orc (0/2) D:9
Ossuary (visited)          Bailey (visited)
   Lair: D:8-11

Altars:
Cheibriados
Hepliaklqana
Okawaru
Qazlal
Sif Muna
Vehumet
Wu Jian
Xom
Yredelemnul
Zin

Annotations:
D:9 2 runed translucent doors


Innate Abilities, Weirdness & Mutations

Armour fits poorly on your strangely shaped body.
You have extremely tough skin. (AC +3)
You have a long armoured tail.
You regenerate magic and health when rolling toward enemies. (Rampage Regen)
You are dopey. (Int -2)
Your muscles are strong. (Str +4, Int/Dex -1)


Message History

The death yak is heavily wounded.
The death yak gores you but does no damage.
You hit the death yak.
The death yak looks as sick as possible!
You tail-slap the death yak!
The death yak is severely wounded.
You block the death yak's attack.
You puncture the death yak!
The death yak looks as sick as possible!
Your tail-slap misses the death yak.
The death yak is almost dead.
The death yak completely misses you.
You hit the death yak.
The death yak looks as sick as possible!
The death yak is almost dead.
The death yak gores you but does no damage.
You hit the death yak but do no damage.
The death yak looks as sick as possible!
The death yak is almost dead.
You completely miss the death yak.
You tail-slap the death yak, but do no damage.
The death yak is almost dead.
The death yak gores you!
* * * LOW HITPOINT WARNING * * *
You hit the death yak.
The death yak looks as sick as possible!
You tail-slap the death yak.
The death yak is almost dead.
The death yak gores you but does no damage.
You hit the death yak but do no damage.
The death yak looks as sick as possible!
Your tail-slap misses the death yak.
The death yak is almost dead.
The death yak gores you but does no damage.
You hit the death yak but do no damage.
The death yak looks as sick as possible!
You tail-slap the death yak, but do no damage.
The death yak is almost dead.
The death yak gores you!
You die...

..........##....#.......#
...........#.##..#......#.##[.>
................##....#.........
###....##.####........##........
####..###..###....)..##.......)..
..##### #..##...###..........##..
....## #......###.#............
.....#####......##..#............
................@Yo........##..#.
...#.#######...#######...........
...#.# ♣...♣...♣...♣ #.........#
...#.#♣♣.♣.♣.♣.♣.♣.♣♣#........##
.....#.♣.♣.♣.♣.♣.♣.♣.#...Y...^#
.....#.♣.♣.♣.♣.♣.♣.♣.#........###
.....#...♣.......♣...#...........
.....########.########...........
.....#........####...#...........


You could see a death yak (extremely poisoned) and an orc.

Vanquished Creatures
  6 death yaks (D:9)
  A centaur warrior (D:9)
  An ugly thing (D:9)
  An unseen horror (D:7)
  2 trolls (D:9)
  Sigmund (D:6)
  A slime creature (D:9)
  2 yaks (D:9)
  A steam dragon (D:8)
  An acid dragon (D:8)
  Duvessa (D:7)
  3 black bears
  3 ice beasts
  4 sky beasts
  2 ogres
  6 orc warriors
  A laughing skull (D:9)
  2 centaurs
  A phantom (D:4)
  8 kobold brigands
  3 bullfrogs
  A gnoll sergeant (D:5)
  8 scorpions
  6 wights
  Dowan (D:7)
  6 killer bees
  7 howler monkeys
  2 centaur zombies (Ossuary)
  A bombardier beetle (D:4)
  4 hounds
  A human zombie (Ossuary)
  4 orc priests
  2 sleepcaps
  3 iguanas
  A gnoll bouda (D:5)
  7 orc wizards
  4 scorpion zombies (Ossuary)
  Terence (D:2)
  3 mummies (Ossuary)
  9 gnolls
  4 adders
  3 white imps
  2 adder zombies (Ossuary)
  2 dart slugs
  2 ribbon worms (D:2)
  26 orcs
  6 endoplasms
  2 giant cockroaches
  A hobgoblin (D:1)
  4 jackals (D:5)
  8 quokkas
  6 ball pythons
  A ball python zombie (Ossuary)
  7 bats
  2 frilled lizards (D:1)
  8 goblins
  3 jackal zombies (Ossuary)
  13 kobolds
  An orc zombie (Ossuary)
  14 rats
237 creatures vanquished.

Notes
Turn   | Place    | Note
-------+----------+-------------------------------------------
     0 | D:1      | Arctor the Armataur Fighter began the quest for the Orb.
     0 | D:1      | Reached XP level 1. HP: 18/18 MP: 1/1
   132 | D:1      | Reached XP level 2. HP: 17/25 MP: 2/2
   619 | D:1      | Reached skill level 4 in Armour
   705 | D:1      | Reached XP level 3. HP: 22/31 MP: 3/3
  1021 | D:2      | Noticed Terence
  1026 | D:2      | Killed Terence
  1160 | D:2      | Reached XP level 4. HP: 29/38 MP: 4/4
  1858 | D:3      | Found a radiant altar of Vehumet.
  1965 | D:3      | Found a faded altar of an unknown god.
  2293 | D:4      | Reached XP level 5. HP: 45/45 MP: 5/5
  2522 | D:4      | Noticed a black bear
  2530 | D:4      | Killed a black bear
  2531 | D:4      | Reached skill level 5 in Armour
  2531 | D:4      | Reached XP level 6. HP: 31/52 MP: 6/6
  3127 | D:4      | Found a stormy altar of Qazlal.
  3214 | D:4      | Reached skill level 5 in Shields
  3269 | D:5      | Entered Level 5 of the Dungeon
  3350 | D:5      | Found an iron altar of Okawaru.
  3370 | D:5      | Found a shimmering altar of Xom.
  3410 | D:5      | Gained mutation: You regenerate magic and health when
                  | rolling toward enemies. (Rampage Regen) [Armataur growth]
  3410 | D:5      | Reached XP level 7. HP: 47/60 MP: 7/7
  3487 | D:5      | Became a worshipper of Warmaster Okawaru
  3804 | D:5      | Reached skill level 6 in Armour
  3955 | D:5      | Reached * piety under Okawaru
  3971 | D:5      | Reached skill level 5 in Fighting
  4214 | D:5      | Found a hazy altar of Hepliaklqana.
  4214 | D:5      | Found a faded altar of an unknown god.
  4223 | D:5      | Reached XP level 8. HP: 56/64 MP: 8/8
  4623 | D:6      | Noticed Sigmund
  4635 | D:6      | Killed Sigmund
  4636 | D:6      | Reached skill level 7 in Armour
  5011 | D:6      | Found a sand-covered staircase.
  5092 | D:6      | Found a staircase to the Ecumenical Temple.
  5170 | D:6      | Found a basalt altar of Yredelemnul.
  5175 | D:6      | Found a snail-covered altar of Cheibriados.
  5223 | Ossuary  | Entered an ossuary
  5288 | Ossuary  | Reached skill level 5 in Axes
  5337 | Ossuary  | Reached ** piety under Okawaru
  5400 | Ossuary  | Reached XP level 9. HP: 69/75 MP: 9/9
  5438 | Ossuary  | Reached skill level 8 in Armour
  5748 | D:7      | Noticed Dowan
  5749 | D:7      | Noticed Duvessa
  5752 | D:7      | Killed Dowan
  5760 | D:7      | Killed Duvessa
  6250 | D:7      | Identified the +6 whip of the Desolation of Salt {freeze,
                  | Will+ Int+3}
  6540 | D:7      | Found a glowing silver altar of Zin.
  6655 | D:7      | Killed an unseen horror
  6655 | D:7      | Reached *** piety under Okawaru
  6656 | D:7      | Reached skill level 9 in Armour
  6856 | D:8      | Found a shimmering blue altar of Sif Muna.
  7021 | D:8      | Found a flagged portal.
  7047 | Bailey   | Entered a bailey
  7277 | Bailey   | Reached **** piety under Okawaru
  7278 | Bailey   | Reached XP level 10. HP: 58/86 MP: 10/10
  7380 | Bailey   | Found a bloodstained altar of Trog.
  7553 | D:8      | Identified the +10 spear "Bogyll" {venom, rC+ rN+ SInv}
  7844 | D:8      | Gained mutation: You are dopey. (Int -2) [potion of
                  | mutation]
  7844 | D:8      | Gained mutation: Your muscles are strong. (Str +4, Int/Dex
                  | -1) [potion of mutation]
  7887 | D:8      | Reached skill level 1 in Polearms
  8324 | D:9      | Reached skill level 10 in Armour
  8378 | D:9      | Noticed a red ugly thing
  8386 | D:9      | Killed a red ugly thing
  8386 | D:9      | Reached ***** piety under Okawaru
  8520 | D:9      | Noticed a centaur warrior
  8535 | D:9      | Killed a centaur warrior
  8844 | D:9      | Found a staircase to the Orcish Mines.
  8860 | D:9      | Reached XP level 11. HP: 94/94 MP: 11/11
  8869 | D:9      | Found a runed translucent door.
  8887 | D:9      | Found a runed translucent door.
  9025 | D:9      | Found an ornate altar of the Wu Jian Council.
  9045 | D:9      | Noticed a death yak
  9048 | D:9      | Noticed a death yak
  9049 | D:9      | Noticed a death yak
  9050 | D:9      | Noticed a death yak
  9050 | D:9      | Noticed a death yak
  9052 | D:9      | Noticed a death yak
  9054 | D:9      | Noticed a death yak
  9085 | D:9      | Killed a death yak
  9096 | D:9      | Killed a death yak
  9097 | D:9      | Reached skill level 10 in Shields
  9099 | D:9      | Killed a death yak
  9114 | D:9      | Killed a death yak
  9114 | D:9      | Received a gift from Okawaru
  9115 | D:9      | Reached skill level 11 in Armour
  9120 | D:9      | Killed a death yak
  9126 | D:9      | Killed a death yak
  9139 | D:9      | Slain by a death yak

Illustrated notes

Levels and vault maps discovered:
D:1:      minmay_arrival_stair_chambers, layout_basic
D:2:      minmay_door_path, layout_loops_ring, uniq_terence
D:3:      layout_rooms, overflow_temple_1_default,
          hellmonk_ecumenical_altar_zigzags
D:4:      layout_basic, grunt_qazlal_clouds
D:5:      layout_basic, beargit_hepliaklqana_dungeon_heroes, xom_butterflies,
          mainiacjoe_overflow_six_doors_small
D:6:      layout_cave_pools, amethyst_overflow_temple_binary,
          minmay_temple_entry_poolview, nicolae_ossuary_entry_plus,
          hangedman_glass_teeth, uniq_sigmund
D:7:      layout_loops_ring, kennysheep_mini, uniq_duvessa
D:8:      kennysheep_blocky_hall, layout_loops_ring, led_sif_pool,
          enter_bailey_1
D:9:      nzn_winding_woodlands_small [nzn_winding_woodlands_5x15_sidewinder,
          nzn_winding_woodlands_center_lodge, nzn_winding_woodlands_5x15_twine],
          layout_cave_pools, nzn_wu_jian_council_hall, dpeg_lair_monsters,
          minmay_statue_crystal_thing

Skill      XL: |  1  2  3  4  5  6  7  8  9 10 11 |
---------------+----------------------------------+-----
Armour         | 4 5 6 7 9 10 11 | 11.2
Fighting       | 3 4 5 6 7 8 |  8.7
Axes           | 2 3 4 5 6 7 |  7.6
Shields        | 4 5 6 7 8 9 10 | 10.3
Polearms       | 2 3 |  3.8
Maces & Flails | |  0.2

Action                     |  1- 3 |  4- 6 |  7- 9 | 10-12 || total
---------------------------+-------+-------+-------+-------++-------
  Melee: War axe           |    88 |   125 |   236 |       ||   449
         Tailslap          |    12 |    14 |    46 |    47 ||   119
         Hand axe          |       |       |   116 |    12 ||   128
         Spear             |       |       |       |   238 ||   238
         Broad axe         |       |       |       |    17 ||    17
 Invoke: Heroism           |       |       |     1 |     2 ||     3
         Finesse           |       |       |       |     1 ||     1
    Use: Scroll            |       |     3 |       |     9 ||    12
         Potion            |       |       |     2 |     2 ||     4
 Armour: Scale mail        |    70 |    78 |   242 |       ||   390
         Plate armour      |       |       |   169 |   170 ||   339
  Dodge: Dodged            |    23 |    41 |   113 |    16 ||   193
  Block: Buckler           |    13 |    48 |   220 |    58 ||   339
         Reflection        |       |       |     2 |       ||     2
